Map: Simulacrum LE

Players

Phoenix

  • Race: Zerg Zerg
  • League: Diamond
  • Spawn Location: 5:00

FLOVIDXIX - Winner!

  • Race: Protoss Protoss
  • League: Master
  • Spawn Location: 11:00

VOD

Have the link to the VOD?

Description

Time

  • Played on: June 5, 2020, 12:37 a.m.
  • Length: 6:21
Show
View Real Time Build Order
Export as new Build Order

Phoenix Zerg 

Build Orders: Hatch First 

Get SALT Encoding   

  12  0:01  Drone  
  13  0:15  Overlord  
  13  0:19  Drone  
  14  0:33  Drone x2  
  16  0:49  Hatchery  
  15  0:58  Drone x2  
  15  1:00  Drone  
  18  1:12  Extractor  
  18  1:15  Spawning Pool  
  16  1:18  Drone  
  16  1:22  Drone  
  18  1:30  Drone  
  19  1:46  Drone  
  20  1:56  Drone  
  21  2:01  Queen  
  21  2:05  Spine Crawler  
  21  2:06  Drone  
  21  2:08  Extractor  
  24  2:14  Roach Warren  
  23  2:24  Overlord x2  
  23  2:26  Drone  
  23  2:27  Drone  
  23  2:39  Queen  
  25  2:47  Overlord  
  25  2:56  Roach x2  
  29  3:02  Roach  
  31  3:05  Roach  
  31  3:08  Roach  
  33  3:18  Ravager x2  
  35  3:24  Ravager  
  35  3:25  Roach  
  38  3:52  Queen  
  38  3:53  Queen  
  42  3:58  Drone x5  
  47  4:11  Overlord  
  47  4:27  Hatchery  
  46  4:34  Queen  
  48  4:45  Drone x6  
  54  4:51  Drone  
  55  4:52  Metabolic Boost  
  42  5:17  Drone x5  
  42  5:18  Extractor  
  42  5:20  Extractor  
  43  5:22  Evolution Chamber  
  43  5:23  Spore Crawler x2  
  43  5:24  Drone  
  43  5:25  Drone  
Show
View Real Time Build Order
Export as new Build Order

FLOVIDXIX Protoss - Winner!

Build Orders: Dark Templar Rush 

Get SALT Encoding   

  12  0:01  Probe  
  13  0:13  Probe  
  14  0:22  Pylon  
  14  0:25  Probe  
  15  0:29  Assimilator  
  15  0:45  Probe  
  16  0:51  Forge  
  16  0:57  Probe (Chrono Boost)  
  17  1:09  Probe (Chrono Boost)  
  18  1:14  Gateway  
  18  1:17  Probe (Chrono Boost)  
  19  1:38  Pylon x2  
  19  1:40  Pylon  
  19  1:57  Photon Cannon  
  19  2:01  Photon Cannon  
  19  2:02  Photon Cannon  
  19  2:10  Photon Cannon  
  19  2:22  Cybernetics Core  
  19  2:27  Assimilator  
  19  2:34  Probe  
  20  2:44  Photon Cannon  
  19  2:51  Pylon  
  19  2:57  Warp Gate (Chrono Boost)  
  19  3:06  Twilight Council  
  19  3:17  Pylon  
  19  3:19  Probe  
  20  3:31  Probe  
  21  3:36  Gateway  
  21  3:51  Dark Shrine  
  21  3:59  Gateway  
  21  4:11  Photon Cannon  
  21  4:17  Pylon  
  21  4:31  Pylon  
  21  4:36  Stalker  
  23  4:59  Shield Battery  
  23  5:07  Dark Templar x2  
  27  5:16  Dark Templar  
Tags
 
Add a new tag
Caveats
  • Supply blocks, unpowered buildings, or Contaminate may cause inaccurate times.
  • Supply counts are checked every 10 seconds.